 Dungeon Crawl Stone Soup version 0.18.1-50-g88ac8fd (webtiles) character file.

1136 raph the Grasshopper (level 8, 0/66 HPs)
             Began as a Pale Draconian Warper on Sept 24, 2016.
             Was an Initiate of Sif Muna.
             Slain by an ogre
             ... wielding a +0 giant spiked club
              (17 damage)
             ... on level 6 of the Dungeon on Sept 30, 2016.
             The game lasted 00:20:47 (7405 turns).

raph the Grasshopper (Pale Draconian Warper)        Turns: 7405, Time: 00:20:49

Health: 0/66       AC:  7    Str: 14    XL:     8   Next: 14%
Magic:  10/13      EV: 12    Int: 16    God:    Sif Muna [......]
Gold:   278        SH:  7    Dex: 10    Spells: 5 memorised, 3 levels left

rFire  . . .     SeeInvis .     a - +1 falchion
rCold  + . .     Gourm    .     (armour unavailable)
rNeg   . . .     Faith    .     l - +0 buckler
rPois  .         Spirit   .     (helmet restricted)
rElec  .         Dismiss  .     n - +0 cloak
rCorr  .         Reflect  +     (no gloves)
SustAt .         Harm     .     (no boots)
MR     .....                    w - +3 amulet of reflection
Stlth  +.........               (no ring)
                                y - ring of protection from cold

@: very slightly contaminated, not resistant to hostile enchantments, very
unstealthy
A: breathe steam, unfitting armour, cold-blooded, AC +6
a: Breathe Steam, Renounce Religion


You were on level 6 of the Dungeon.
You worshipped Sif Muna.
Sif Muna was noncommittal.
You were very hungry.

You visited 1 branch of the dungeon, and saw 6 of its levels.

You collected 278 gold pieces.

Inventory:

Hand Weapons
 a - a +1 falchion (weapon)
Missiles
 d - 5 tomahawks of dispersal
 e - 234 stones
 f - 6 javelins (quivered)
 h - 11 tomahawks
Armour
 l - a +0 buckler (worn)
 n - a +0 cloak (worn)
 r - a +0 pair of gloves
Jewellery
 w - a +3 amulet of reflection (around neck)
 y - a ring of protection from cold (left hand)
Wands
 t - a wand of iceblast (9/15)
Scrolls
 c - a scroll of blinking
 i - a scroll of enchant weapon
 j - 3 scrolls of teleportation
 k - 4 scrolls of identify
 o - 2 scrolls of remove curse
Potions
 g - a potion of ambrosia
 m - 2 potions of heal wounds
 v - a potion of degeneration {unknown}
 z - a potion of flight
Books
 b - a book of Spatial Translocations

   Spells                             Type                      Level
   a - Apportation                    Translocation                1
   b - Blink                          Translocation                2
   c - Shroud of Golubria             Charms/Translocation         2
   d - Portal Projectile              Translocation                3
   e - Teleport Other                 Translocation                3
   f - Passage of Golubria            Translocation                4
 u - a book of Clouds

   Spells                             Type                      Level
   a - Mephitic Cloud                 Conjuration/Poison/Air       3
   b - Conjure Flame                  Conjuration/Fire             3
   c - Poisonous Cloud                Conjuration/Poison/Air       6
   d - Freezing Cloud                 Conjuration/Ice/Air          6
   e - Ring of Flames                 Charms/Fire                  7
Comestibles
 p - a meat ration
 q - 3 beef jerkies
 s - 3 fruits
 x - a slice of pizza
 A - a bread ration


   Skills:
 + Level 4.0 Fighting
 * Level 4.5 Long Blades
 - Level 2.5 Throwing
 + Level 3.3 Dodging
 + Level 2.4 Shields
 + Level 3.7 Spellcasting
 - Level 1.6 Charms
 * Level 5.5 Translocations
 + Level 1.4 Air Magic


You had 3 spell levels left.
You knew the following spells:

 Your Spells              Type           Power        Failure   Level  Hunger
a - Apportation           Tloc           ###.......   2%          1    None
b - Blink                 Tloc           N/A          4%          2    ##.....
c - Shroud of Golubria    Chrm/Tloc      ##........   10%         2    ##.....
d - Teleport Other        Tloc           ###.....     10%         3    ###....
e - Mephitic Cloud        Conj/Pois/Air  #.......     65%         3    ###....


Dungeon Overview and Level Annotations

Branches:
Dungeon (6/15)             Temple (0/1) D:4

Altars:
Cheibriados
Elyvilon
Fedhas
Pakellas
Sif Muna
Vehumet
Yredelemnul
The Shining One


Innate Abilities, Weirdness & Mutations

You can breathe blasts of scalding, opaque steam.
Your pale cyan-grey scales are hard (AC +6).
Your body does not fit into most forms of armour.
You are cold-blooded and may be slowed by cold attacks.


Message History

You tail-slap the ogre, but do no damage.
The ogre is heavily wounded.
You block the ogre's attack.
You hit the ogre.
You tail-slap the ogre, but do no damage.
The ogre is severely wounded.
The ogre hits you but does no damage.
You hit the ogre.
The ogre is severely wounded.
The ogre hits you with a giant spiked club!!
* * * LOW HITPOINT WARNING * * *
You hit the ogre.
The ogre is almost dead.
Casting: Shroud of Golubria
Confirm with . or Enter, or press ? or * to list all spells.
You miscast Shroud of Golubria.
You are very lightly contaminated with residual magic.
Your skin tingles.
The ogre hits you with a giant spiked club!
You die...

...##.....# .#
..........# .#
.[.##.....###.#
#............#
##.#...####.##
#...####.#
#.....##.#
#.##<.#.##O#
#.....#†.#@####
#####P≈≈≈PP≈≈.#
.....≈PP≈P♣≈≈≈#
≈≈≈≈≈≈♣♣♣≈≈≈≈≈#
≈PP≈♣♣♣≈≈P..P##
P≈♣≈≈≈PPP#.###
≈ ♣≈♣PPP#..#
♣PP..#.##
≈≈♣PP...####


You could see an ogre.

Vanquished Creatures
  A sky beast (D:6)
  A phantom (D:5)
  A necrophage (D:5)
  A scorpion (D:5)
  A vampire bat (D:4)
  A crimson imp (D:5)
  4 hounds
  A gnoll shaman (D:4)
  A jelly (D:5)
  2 orc wizards
  A giant frog skeleton (D:4)
  An orc priest (D:5)
  An iguana (D:4)
  2 worker ants
  2 hound skeletons
  9 gnolls
  5 adders
  2 shadow imps (D:5)
  An ooze (D:4)
  An adder skeleton (D:3)
  5 worms
  2 dart slugs (D:2)
  3 fire bats (D:4)
  2 giant geckos
  11 orcs
  2 spectral bats (D:4)
  19 bats
  3 bat skeletons (D:4)
  A bat zombie (D:4)
  8 giant cockroaches
  9 goblins
  6 hobgoblins
  3 jackals (D:4)
  2 quokkas (D:2)
  A bat simulacrum (D:4)
  A giant cockroach zombie (D:5)
  A giant gecko skeleton (D:4)
  5 giant newts
  A jackal skeleton (D:5)
  11 kobolds
  8 rats
143 creatures vanquished.

Notes
Turn   | Place    | Note
--------------------------------------------------------------
     0 | D:1      | raph the Draconian Warper began the quest for the Orb.
     0 | D:1      | Reached XP level 1. HP: 17/17 MP: 3/3
   403 | D:1      | Reached XP level 2. HP: 25/25 MP: 5/5
   569 | D:1      | Reached skill level 1 in Throwing
   655 | D:1      | Learned a level 2 spell: Blink
   658 | D:1      | Learned a level 2 spell: Shroud of Golubria
  1147 | D:2      | Reached XP level 3. HP: 30/30 MP: 2/6
  1466 | D:1      | Reached XP level 4. HP: 24/37 MP: 1/7
  1742 | D:2      | Found a snail-covered altar of Cheibriados.
  2059 | D:2      | Learned a level 3 spell: Teleport Other
  2181 | D:2      | Found a blossoming altar of Fedhas.
  2254 | D:3      | Found a white marble altar of Elyvilon.
  2500 | D:3      | Found a radiant altar of Vehumet.
  3102 | D:3      | Reached skill level 1 in Charms
  3188 | D:3      | Reached XP level 5. HP: 31/44 MP: 3/9
  3251 | D:3      | Found a glowing golden altar of the Shining One.
  3394 | D:3      | Reached skill level 1 in Shields
  3930 | D:4      | Found a deep blue altar of Sif Muna.
  4085 | D:4      | Reached XP level 6. HP: 45/51 MP: 8/10
  4139 | D:4      | Became a worshipper of Sif Muna the Loreminder
  4585 | D:4      | Reached skill level 4 in Translocations
  4957 | D:4      | Found a staircase to the Ecumenical Temple.
  4984 | D:5      | Entered Level 5 of the Dungeon
  5022 | D:5      | Your scales start taking on a pale cyan-grey colour.
  5022 | D:5      | Reached XP level 7. HP: 41/57 MP: 7/11
  5243 | D:4      | Learned a level 3 spell: Mephitic Cloud
  6148 | D:5      | Reached skill level 5 in Translocations
  6488 | D:5      | Reached skill level 1 in Air Magic
  6491 | D:5      | Found a basalt altar of Yredelemnul.
  6619 | D:5      | Found an oddly glowing altar of Pakellas.
  6854 | D:5      | Reached XP level 8. HP: 61/66 MP: 13/13
  7405 | D:6      | Slain by an ogre

Skill      XL: |  1  2  3  4  5  6  7  8 |
---------------+-------------------------+-----
Throwing       | 1 2 |  2.5
Charms         | 1 |  1.6
Shields        | 1 2 |  2.4
Long Blades    | 3 4 |  4.5
Fighting       | 3 4 |  4.0
Spellcasting   | 3 |  3.7
Dodging        | 3 |  3.3
Translocations | 4 5 |  5.5
Air Magic      | 1 |  1.4

Action                   |  1- 3 |  4- 6 |  7- 9 || total
-------------------------+-------+-------+-------++-------
Melee: Falchion          |   102 |   335 |   348 ||   785
       Tailslap          |    10 |    32 |    36 ||    78
Throw: Tomahawk          |     3 |       |       ||     3
       Javelin           |       |     1 |     3 ||     4
 Cast: Apportation       |     2 |       |       ||     2
       Shroud of Golubri |    10 |    29 |    30 ||    69
       Teleport Other    |       |     1 |     1 ||     2
       Blink             |       |       |     2 ||     2
  Use: Scroll            |       |     4 |     6 ||    10
 Stab: Sleeping          |     1 |     2 |     1 ||     4
  Eat: Chunk             |     2 |     9 |     6 ||    17
       Bread ration      |       |     1 |     1 ||     2
Armor: Skin              |    58 |   137 |   119 ||   314
Dodge: Dodged            |   104 |   254 |   183 ||   541
Block: Buckler           |     5 |    97 |   105 ||   207
       Reflection        |       |       |     1 ||     1
